 Dungeon Crawl Stone Soup version 0.32-a0-405-gf9bc0de (webtiles) character file.

Game seed: 14425594671379420314

1667 marwff the Destroyer (level 8, 0/41 HPs)
             Began as a Deep Elf Conjurer on Feb 20, 2024.
             Was an Initiate of Vehumet.
             Killed from afar by Maggie (18 damage)
             ... with a bolt of fire
             ... on level 6 of the Dungeon.
             The game lasted 00:18:25 (6024 turns).

marwff the Destroyer (Deep Elf Conjurer)            Turns: 6024, Time: 00:18:26

Health: 0/41       AC:  3    Str:  4    XL:     8   Next: 69%
Magic:  14/20      EV: 14    Int: 26    God:    Vehumet [......]
Gold:   253        SH:  0    Dex: 13    Spells: 10/21 levels left

rFire   . . .        d - +0 dagger
rCold   . . .        (no shield)
rNeg    . . .        a - +0 robe
rPois   .            (no helmet)
rElec   .            q - +0 cloak
rCorr   .            (no gloves)
SInv    .            (no boots)
Will    .....        (no amulet)
Stlth   +++          (no ring)
HPRegen 0.26/turn    (no ring)
MPRegen 0.17/turn

%: no passive effects
@: marked
A: no striking features
a: Renounce Religion


You were on level 6 of the Dungeon.
You worshipped Vehumet.
Vehumet was noncommittal.
You visited 2 branches of the dungeon, and saw 7 of its levels.

You collected 253 gold pieces.

Inventory:

Hand Weapons
 d - a +0 dagger (weapon)
Missiles
 m - 5 atropa-tipped darts
 n - 5 poisoned darts
 o - a throwing net
Armour
 a - a +0 robe (worn)
 q - a +0 cloak (worn)
Magical Staves
 r - a staff of fire
Wands
 y - a wand of light (8)
Scrolls
 g - 4 scrolls of identify
 h - a scroll of enchant weapon {unknown}
 i - a scroll of noise
 j - a scroll of poison
 p - a scroll of immolation {unknown}
 s - a scroll of brand weapon {unknown}
 u - a scroll of enchant armour {unknown}
 v - a scroll of amnesia {unknown}
 w - a scroll of teleportation {unknown}
Potions
 c - 2 potions of curing {unknown}
 e - 2 potions of mutation
 f - a potion of degeneration {unknown}
 k - 3 potions of haste {unknown}
 l - a potion of berserk rage {unknown}
 t - a potion of attraction {unknown}
 x - a potion of enlightenment {unknown}


   Skills:
 + Level 6.8 Dodging
 - Level 6.0 Stealth
 - Level 7.1 Spellcasting
 - Level 8.0 Conjurations
 - Level 4.0 Alchemy


You had 10 spell levels left.
You knew the following spells:

 Your Spells              Type           Power      Damage    Failure   Level
a - Magic Dart            Conj           100%       1d8       1%          1
b - Searing Ray           Conj           100%       2d8       1%          2
c - Fulminant Prism       Conj/Alch      20%        3d12      5%          4
d - Iskenderun's Mystic   Conj/Tloc      30%        2d8       12%         4

Your spell library contained the following spells:

 Spells                   Type           Power      Damage    Failure   Level
 Cigotuvi's Dreadful Rot  Necr/Alch/Air  32%        N/A       5%          2
 Fugue of the Fallen      Necr           9%         N/A       19%         3
 Ozocubu's Armour         Ice            9%         N/A       19%         3
 Animate Dead             Necr           9%         N/A       52%         4
 Dispel Undead            Necr           9%         3d8       52%         4
 Manifold Assault         Tloc           9%         N/A       52%         4
 Martyr's Knell           Necr/Summ      9%         N/A       52%         4
 Borgnjor's Vile Clutch   Necr/Erth      4%         N/A       86%         5
 Death Channel            Necr           4%         N/A       100%        6


Dungeon Overview and Level Annotations

Branches:
Dungeon (6/15)             Temple (1/1) D:4

Altars:
Ashenzari
Cheibriados
Dithmenos
Elyvilon
Gozag
Hepliaklqana
Kikubaaqudgha
Makhleb
Okawaru
Qazlal
Ru
Sif Muna
Trog
Uskayaw
Vehumet
Wu Jian
The Shining One

Shops:
D:4 *

Annotations:
D:6 Maggie


Message History

You kill the white imp!
Vehumet accepts your kill.
Okay, then.
You start resting.
Maggie is nearby!
Okay, then.
Magic courses through your body.
Maggie is engulfed in poison gas.
Maggie is poisoned.
Casting: Searing Ray (safe; 1% risk of failure)
Confirm with . or Enter, or press ? or * to list all spells.
Aiming: Fulminant Prism (dangerous; 5% risk of failure)
Press: ? - help, Dir - move target You conjure a prism of explosive energy!
A fulminant prism comes into view.
Maggie is engulfed in poison gas.
Maggie looks even sicker.
Casting: Fulminant Prism (dangerous; 5% risk of failure)
Confirm with . or Enter, or press ? or * to list all spells.
Aiming: Searing Ray (safe; 1% risk of failure)
Press: ? - help, Shift-Dir - straight line, f - Maggie
Aim: Maggie, wielding a +2 heavy war axe and wearing +0 steam dragon scales (poison gas, moderately wounded, very poisoned, ally target, 83% to hit)
Okay, then.
Casting: Searing Ray (safe; 1% risk of failure)
Confirm with . or Enter, or press ? or * to list all spells.
Aiming: Fulminant Prism (dangerous; 5% risk of failure)
Press: ? - help, Dir - move target You can't see that place. [the floor.]
Okay, then.
Casting: Fulminant Prism (dangerous; 5% risk of failure)
Confirm with . or Enter, or press ? or * to list all spells.
Aiming: Searing Ray (safe; 1% risk of failure)
Press: ? - help, Shift-Dir - straight line, f - Maggie
Aim: Maggie, wielding a +2 heavy war axe and wearing +0 steam dragon scales (poison gas, moderately wounded, very poisoned, ally target, 83% to hit)
The searing ray hits Maggie.
Maggie is moderately wounded. (Press . to maintain the ray.) Maggie is engulfed in poison gas.
Maggie looks even sicker.
Maggie gestures at you while chanting. The bolt of fire hits you!!
You die...

..# # ## ..... ##☼##
.##.. .... .§§○○##
.##.# #... ##.§§§§§#
....###..# ##...§☼○§§
.........####...#○§§☼
......>..##§..# §§#
.........○○§§*###§§#
..###..†.§§§.@§§@§#
#.# #...)§§§§§#§§##
### #....§§§.##### .#
##...☼.)..## .##
#..@......##
....##..........#
.....#.........##
...............###
.................#


You could see Maggie (very poisoned, ally target) and a friendly fulminant
prism.

Vanquished Creatures
  Eustachio (D:4)
  An ice beast (D:6)
  2 ogres
  3 bullfrogs (D:6)
  Blork the orc (D:5)
  A scorpion (D:6)
  5 wights (D:6)
  A jelly (D:5)
  3 bombardier beetles
  7 hounds
  A sleepcap (D:5)
  2 iguanas (D:4)
  An orc wizard (D:4)
  A gnoll (D:1)
  8 adders
  2 white imps (D:6)
  A dart slug (D:1)
  2 ribbon worms
  10 orcs
  4 endoplasms
  5 giant cockroaches
  4 goblins
  9 hobgoblins
  3 quokkas
  3 ball pythons
  7 bats
  3 frilled lizards
  14 kobolds
  3 rats
108 creatures vanquished.

Vanquished Creatures (others)
  28 fulminant prisms
28 creatures vanquished.

Grand Total: 136 creatures vanquished

Notes
Turn   | Place    | Note
-------+----------+-------------------------------------------
     0 | D:1      | marwff the Deep Elf Conjurer began the quest for the Orb.
     0 | D:1      | Reached XP level 1. HP: 10/10 MP: 6/6
   139 | D:1      | Reached XP level 2. HP: 12/15 MP: 0/8
   142 | D:1      | Learned a level 2 spell: Searing Ray
   490 | D:1      | Reached skill level 5 in Conjurations
   490 | D:1      | Reached XP level 3. HP: 19/19 MP: 6/10
  1152 | D:2      | Reached XP level 4. HP: 24/24 MP: 8/12
  1186 | D:2      | Learned a level 4 spell: Fulminant Prism
  1410 | D:2      | Reached skill level 5 in Spellcasting
  1702 | D:2      | Reached skill level 1 in Alchemy
  2279 | D:3      | Reached XP level 5. HP: 28/28 MP: 12/14
  3078 | D:4      | Learned a level 4 spell: Iskenderun's Mystic Blast
  3078 | D:4      | Noticed an ogre
  3083 | D:4      | Killed an ogre
  3084 | D:4      | Reached skill level 6 in Conjurations
  3181 | D:4      | Reached XP level 6. HP: 32/32 MP: 9/16
  3266 | D:4      | Noticed Eustachio
  3269 | D:4      | Found Wuedd's Elemental Accessories.
  3283 | D:4      | Killed Eustachio
  3961 | D:4      | Found a staircase to the Ecumenical Temple.
  3972 | Temple   | Entered the Ecumenical Temple
  4035 | D:4      | Reached XP level 7. HP: 36/36 MP: 6/19
  4141 | D:4      | You fall into a shaft and drop 2 floors!
  4155 | D:6      | Reached skill level 7 in Conjurations
  4166 | D:5      | Entered Level 5 of the Dungeon
  4410 | D:5      | Reached skill level 8 in Conjurations
  4768 | D:5      | Noticed Blork the orc
  4773 | D:5      | Killed Blork the orc
  5034 | D:5      | Found a snail-covered altar of Cheibriados.
  5265 | D:5      | Found an ornate altar of the Wu Jian Council.
  5423 | D:5      | Reached XP level 8. HP: 36/41 MP: 12/20
  5477 | D:5      | Found an ancient bone altar of Kikubaaqudgha.
  5488 | D:5      | Found a hide-covered altar of Uskayaw.
  5495 | D:5      | Found a radiant altar of Vehumet.
  5502 | D:5      | Found a shimmering blue altar of Sif Muna.
  5516 | D:5      | Found a broken altar of Ashenzari.
  5527 | D:5      | Found a burning altar of Makhleb.
  5532 | D:5      | Found an opulent altar of Gozag.
  5756 | D:5      | Became a worshipper of Vehumet
  6012 | D:6      | Reached skill level 5 in Dodging
  6012 | D:6      | Noticed Maggie
  6024 | D:6      | Killed from afar by Maggie

Illustrated notes

Levels and vault maps discovered:
D:1:      evilmike_arrival_home_sweet_home, layout_basic
D:2:      layout_loops_ring
D:3:      layout_loops_ring
D:4:      layout_cave_pods, minmay_temple_entry_stoned_glass,
          serial_bayou_lagoon_a, nicolae_elemental_shop, uniq_eustachio
D:5:      layout_basic, grunt_temple_overflow_octagram,
          mainiacjoe_overflow_small_starburst, cheibrodos_worm_habitat,
          minmay_holes, uniq_blork_the_orc
D:6:      layout_cave_pools, nemelex_xobeh_ov_fountains_minmay,
          mainiacjoe_overflow_concentric_impassable, corexii_leaking_fountain,
          kennysheep_flooded_box, grunt_ministairs_14, chequers_garden,
          nicolae_shop_firing_range, uniq_maggie
Temple:   hellmonk_temple_of_storms

Skill      XL: |  1  2  3  4  5  6  7  8 |
---------------+-------------------------+-----
Spellcasting   | 4 5 7 |  7.1
Conjurations   | 5 6 8 |  8.0
Alchemy        | 1 2 3 4 |  4.0
Dodging        | 3 6 |  6.8
Stealth        | 3 6 |  6.0

Action                     |  1- 3 |  4- 6 |  7- 9 || total
---------------------------+-------+-------+-------++-------
  Melee: Unarmed           |     1 |       |       ||     1
         Dagger            |       |    13 |       ||    13
  Throw: Dart              |       |     3 |       ||     3
   Cast: Magic Dart        |    33 |    54 |    23 ||   110
         Searing Ray       |     9 |    17 |    13 ||    39
         Fulminant Prism   |       |    12 |    17 ||    29
    Use: Scroll            |       |       |     3 ||     3
         Potion            |       |       |     1 ||     1
 Armour: Robe              |     2 |     4 |     7 ||    13
  Dodge: Dodged            |     3 |     7 |    11 ||    21

Table legend: (Time is in decaauts)
 A = Elapsed time spent in this place.
 B = Non-inter-level travel time spent in this place.
 C = Inter-level travel time spent in this place.
 D = Time resting spent in this place.
 E = Time spent auto-exploring this place.
 F = Levels seen in this place.
 G = Mean time per level.
                   A        B        C        D        E       F      G
               +--------+--------+--------+--------+--------+-----+--------+
         Total |   6045 |   5730 |    315 |    991 |   3999 |   7 |  863.6 |
       Dungeon |   6040 |   5725 |    315 |    991 |   3999 |   6 | 1006.7 |
        Temple |      4 |      4 |      0 |      0 |      0 |   1 |    4.0 |
               +--------+--------+--------+--------+--------+-----+--------+

Top non-repeatable levels by time:
     D:5: 1508 daAuts
     D:4: 1337 daAuts
     D:1: 1033 daAuts
     D:3: 1032 daAuts
     D:2: 968 daAuts
     D:6: 160 daAuts
  Temple: 4 daAuts
